 Dungeon Crawl Stone Soup version 0.26-a0-778-g3fe0686644 (webtiles) character file.

Game seed: 18391517993822428003

37 lunkers the Digger (level 3, 0/21 HPs)
             Began as an Octopode Earth Elementalist on Nov 10, 2020.
             Slain by a worm (12 damage)
             ... on level 1 of the Dungeon.
             The game lasted 00:01:17 (1151 turns).

lunkers the Digger (Octopode Earth Elementalist)    Turns: 1151, Time: 00:01:18

Health: 0/21       AC:  1    Str:  7    XL:     3   Next: 41%
Magic:  6/6        EV: 13    Int: 18    God:
Gold:   25         SH:  0    Dex: 12    Spells: 6/7 levels left

rFire    . . .     SeeInvis .   h - +4 dagger
rCold    . . .     Faith    .   (no shield)
rNeg     . . .     Spirit   .   (helmet restricted)
rPois    .         Reflect  .   (no amulet)
rElec    .         Harm     .   (no ring)
rCorr    .         Rampage  .   (no ring)
MR       .....                  (no ring)
Stlth    +++.......             (no ring)
HPRegen  0.07/turn              (no ring)
MPRegen  0.10/turn              (no ring)
                                (no ring)
                                (no ring)

@: no status effects
A: almost no armour, stealthy swim, amphibious, 8 rings, constrict 8, camouflage
1, gelatinous body 1
a: no special abilities


You were on level 1 of the Dungeon.
You visited 1 branch of the dungeon, and saw 2 of its levels.

You collected 25 gold pieces.

Inventory:

Hand Weapons
 h - a +4 dagger (weapon)
Missiles
 b - 42 stones (quivered)
Scrolls
 a - a scroll of enchant armour {unknown}
 c - a scroll of identify {unknown}
 d - a scroll of magic mapping {unknown}
 f - a scroll of teleportation {unknown}
Potions
 e - a potion of magic {unknown}
 g - a potion of haste {unknown}


   Skills:
 - Level 2.0 Dodging
 - Level 2.6 Stealth
 + Level 2.5 Spellcasting
   Level 1.0 Transmutations
 * Level 4.0 Earth Magic


You had 6 spell levels left.
You knew the following spells:

 Your Spells              Type           Power        Failure   Level
a - Sandblast             Erth           ###...       3%          1

Your spell library contained the following spells:

 Spells                   Type           Power        Failure   Level
 Passwall                 Tmut/Erth      ##......     10%         2
 Stone Arrow              Conj/Erth      #.....       22%         3
 Petrify                  Tmut/Erth      ##......     52%         4
 Lee's Rapid Deconstruct  Erth           ###.......   67%         5


Dungeon Overview and Level Annotations

Branches:
Dungeon (2/15)

Altars:

Annotations:
D:1 Jessica
D:2 Natasha


Innate Abilities, Weirdness & Mutations

You cannot wear most types of armour.
You are very stealthy in the water. (Stealth+)
You are amphibious.
You can wear up to eight rings at the same time.
You can use your tentacles to constrict eight enemies at once.
Your skin changes colour to match your surroundings (Stealth+).
Your rubbery body absorbs attacks. (AC +1, EV +1)


Message History

The hobgoblin barely misses you. The goblin hits you with a +0 club.
You climb upwards.
There is a stone staircase leading down here.
You barely miss the hobgoblin. You grab the hobgoblin.
You constrict the hobgoblin, but do no damage.
The worm misses you. The hobgoblin closely misses you.
You hit the hobgoblin.
The hobgoblin is severely wounded.
You constrict the hobgoblin. The hobgoblin barely misses you.
The worm bites you.
* * * LOW HITPOINT WARNING * * *
You hit the hobgoblin but do no damage.
The hobgoblin is almost dead.
You constrict the hobgoblin.
You kill the hobgoblin!
Your Earth Magic skill increases to level 4!
Jessica gestures wildly while chanting.
Jessica blinks!
The worm bites you!
Ouch! That really hurt!
You die...

#.# #......# #.# #......# #.#
#......# ###.##### #####'##
....)...## #.#
....###..#######.#
######........##.#
...).'.........#.#
######.........#@#
..............lw>#
###.....#.####.#####
###.....#..###@....###########
..'..........................#
.##.....#..########.########.#
.##.....#..#..#.........#..#.#
.##.....#..#.#...........#.#.#
.##.....#..##.....#.#.....##.#


You could see a worm, Jessica and a frilled lizard.

Vanquished Creatures
  A gnoll (D:1)
  2 leopard geckos (D:1)
  2 giant cockroaches (D:1)
  6 goblins (D:1)
  3 hobgoblins (D:1)
  3 bats (D:1)
  2 frilled lizards (D:1)
  2 kobolds (D:1)
  4 rats (D:1)
25 creatures vanquished.

Notes
Turn   | Place    | Note
-------+----------+-------------------------------------------
     0 | D:1      | lunkers the Octopode Earth Elementalist began the quest for
                  | the Orb.
     0 | D:1      | Reached XP level 1. HP: 11/11 MP: 3/3
   231 | D:1      | Reached XP level 2. HP: 17/17 MP: 3/5
   762 | D:1      | Reached XP level 3. HP: 17/21 MP: 6/6
  1081 | D:2      | Noticed Jessica
  1083 | D:2      | Noticed Natasha
  1150 | D:1      | Reached skill level 4 in Earth Magic
  1151 | D:1      | Slain by a worm

Illustrated notes

Levels and vault maps discovered:
D:1:      matt_arrival_grand_opening, layout_basic
D:2:      cheibrodos_old_hovel, layout_rooms, nicolae_overflow_hidden_temple,
          uniq_jessica, uniq_terence, uniq_crazy_yiuf_cottage, uniq_natasha

Skill      XL: |  1  2  3 |
---------------+----------+-----
Earth Magic    | 4 |  4.0
Dodging        | |  2.0
Stealth        | |  2.6
Spellcasting   | |  2.5
Transmutations | |  1.0

Action                   || total
-------------------------++-------
Melee: Dagger            ||    24
       Tentacles         ||     3
       Constrict         ||     3
 Cast: Sandblast         ||    17
 Stab: Sleeping          ||     3
Armor: Skin              ||     5
Dodge: Dodged            ||    26

Table legend: (Time is in decaauts)
 A = Elapsed time spent in this place.
 B = Non-inter-level travel time spent in this place.
 C = Inter-level travel time spent in this place.
 D = Time resting spent in this place.
 E = Time spent auto-exploring this place.
 F = Levels seen in this place.
 G = Mean time per level.
                   A        B        C        D        E       F      G
               +--------+--------+--------+--------+--------+-----+--------+
         Total |   1151 |   1129 |     22 |     45 |    906 |   2 |  575.5 |
       Dungeon |   1151 |   1129 |     22 |     45 |    906 |   2 |  575.5 |
               +--------+--------+--------+--------+--------+-----+--------+

Top non-repeatable levels by time:
     D:1: 1144 daAuts
     D:2: 7 daAuts
